Description

fast nydus queen roach, you should be unloading in 4:27 with 6-8 roaches and 2 queens at least. You can take 2 drones for spores also for def from banshee.

Replay - ZvT fast nydus queen roach

Build Order

Get SALT Encoding   

  12  0:01  Drone  
  13  0:12  Overlord  
  13  0:18  Drone  
  14  0:30  Drone x3  
  17  0:56  Drone x2  
  18  0:57  Hatchery  
  18  1:11  Extractor  
  17  1:16  Spawning Pool  
  16  1:19  Drone x2  
  18  1:28  Drone  
  19  1:40  Overlord  
  20  2:05  Roach Warren  
  20  2:07  Zergling x2  
  22  2:11  Queen  
  22  2:15  Zergling x2  
  25  2:22  Extractor  
  24  2:27  Lair  
  22  2:34  Spore Crawler  
  28  3:08  Roach x3  
  34  3:27  Queen, Nydus Network  
  34  3:33  Overlord x2  
  35  3:48  Overlord  
  35  3:51  Queen  
  39  3:55  Roach x2  
  41  4:05  Roach x3  
  47  4:12  Nydus Canal  
  47  4:15  Roach x2  
  60  5:10  Nydus Canal  
  56  5:40  Spore Crawler x2  
  50  6:00  Spore Crawler x2  
Spawning Tool Build Advisor. Get it on Overwolf

Go to:

Details

  • Created by: mikka77
  • Published on: Feb 17, 2019
  • Modified on: Feb 17, 2019
  • Patch: 4.7.1
Show
View Real Time Build Order
Export as new Build Order

Comments (1)

On Aug. 20, 2019, 9:25 p.m., 4thJobHokage  said:

If you're not starting Roaches until 3:08 I would suggest a 2:27~2:28 Roach Warren instead of 2:05 because you're investing 150 minerals into a structure that you're not using for 33 seconds or so after it finishes. Also If you get lings out first you can deny the SCV the scout of the Roach Warren.

Also I don't think a 2:34 Spore is good, even 1 base Banshee would hit at 3:30 or so, using up 75 minerals + a drone on a Spore this early is using up money that could be more Roach/Queen.

Create an account to comment!